 Dungeon Crawl Stone Soup version 0.21.0 (webtiles) character file.

5390 Hobogoblin the Grappler (level 10, -1/78 HPs)
             Began as a Green Draconian Transmuter on Jan 15, 2018.
             Was a Believer of Vehumet.
             Splashed by a brown ugly thing's acid (8 damage)
             ... on level 9 of the Dungeon.
             The game lasted 00:22:38 (8916 turns).

Hobogoblin the Grappler (DrTm)                      Turns: 8916, Time: 00:22:39

Health: -1/78      AC: -2    Str: 13    XL:     10   Next: 39%
Magic:  10/11      EV: 19    Int: 19    God:    Vehumet [**....]
Gold:   407        SH:  0    Dex: 16    Spells: 4/13 levels left

rFire    . . .     SeeInvis .     - Unarmed
rCold    + . .     Gourm    .   (shield currently unavailable)
rNeg     . . .     Faith    .   (armour unavailable)
rPois    x         Spirit   .   (helmet currently unavailable)
rElec    .         Reflect  .   (cloak currently unavailable)
rCorr    .         Harm     .   (gloves currently unavailable)
MR       .....                  (boots currently unavailable)
Stlth    ++........             (no amulet)
HPRegen  0.23/turn              m - ring of protection from cold
MPRegen  0.12/turn              j - ring of stealth

@: spider-form (expiring), corroded
A: tiny, (breathe noxious fumes), unfitting armour, clever 1, low mp 1, AC +7
a: End Transformation, Renounce Religion


You were on level 9 of the Dungeon.
You worshipped Vehumet.
Vehumet was pleased with you.
You were not hungry.
You were a venomous arachnid creature.
You visited 2 branches of the dungeon, and saw 10 of its levels.
You also visited: Sewer.

You collected 407 gold pieces.

Inventory:

Missiles
 a - 216 arrows
Jewellery
 d - an uncursed ring of flight
 j - a ring of stealth (right front leg)
 m - a ring of protection from cold (left front leg)
 t - an uncursed ring of resist corrosion
Wands
 y - a wand of flame (6)
 B - a wand of polymorph (22)
Scrolls
 e - 5 scrolls of identify
 f - 7 scrolls of teleportation
 h - a scroll of remove curse
 k - a scroll of enchant weapon
 p - a scroll of vulnerability {unknown}
 r - 2 scrolls of blinking
 s - a scroll of fog
Potions
 i - a potion of haste
 l - a potion of lignification {unknown}
 n - 2 potions of degeneration {unknown}
 o - 3 potions of might
 q - a potion of agility
 u - 2 potions of invisibility
Books
 b - a book of Changes

   Spells                             Type                      Level
   a - Beastly Appendage              Transmutation                1
   b - Sticks to Snakes               Transmutation                2
   c - Spider Form                    Transmutation/Poison         3
   d - Ice Form                       Ice/Transmutation            4
   e - Blade Hands                    Transmutation                5
 g - a book of Geomancy

   Spells                             Type                      Level
   a - Sandblast                      Earth                        1
   b - Passwall                       Transmutation/Earth          2
   c - Stone Arrow                    Conjuration/Earth            3
   d - Petrify                        Transmutation/Earth          4
   e - Lee's Rapid Deconstruction     Earth                        5
 z - the Catalogue of Bewitchment
   (You found it on level 6 of the Dungeon)

   Spells                             Type                      Level
   a - Slow                           Hexes                        2
   b - Summon Guardian Golem          Hexes/Summoning              3
   c - Spectral Weapon                Hexes/Charms                 3
   d - Inner Flame                    Hexes/Fire                   3
   e - Cause Fear                     Hexes                        4
   f - Silence                        Hexes/Air                    5
Comestibles
 c - 14 rations


   Skills:
 - Level 4.1 Fighting
 - Level 1.7 Dodging
 * Level 12.1 Unarmed Combat
 - Level 2.0 Spellcasting
 + Level 3.3 Conjurations
 + Level 8.7 Transmutations


You had 4 spell levels left.
You knew the following spells:

 Your Spells              Type           Power        Failure   Level  Hunger
a - Beastly Appendage     Tmut           #####.       3%          1    #......
b - Spider Form           Tmut/Pois      ###.......   22%         3    ###....
c - Ice Form              Ice/Tmut       ###.....     50%         4    #####..
d - Magic Dart            Conj           ##..         13%         1    #......


Dungeon Overview and Level Annotations

Branches:
Dungeon (9/15)             Temple (1/1) D:7            Lair (0/6) D:8
    Orc: D:9-12

Altars:
Cheibriados
Dithmenos
Elyvilon
Fedhas
Kikubaaqudgha
Makhleb
Nemelex Xobeh
Qazlal
Sif Muna
Trog
Uskayaw
Vehumet
Xom
Yredelemnul
The Shining One

Shops:
D:4 [


Innate Abilities, Weirdness & Mutations

((You can breathe blasts of noxious fumes.))
((Your lurid green scales are hard. (AC +7)))
You cannot fit into any form of body armour.
((Your system is resistant to poisons. (rPois)))
((You are cold-blooded and may be slowed by cold attacks.))
Your mind is acute. (Int +2)
Your magical capacity is low. (-10% MP)


Message History

You hit the brown ugly thing.
The brown ugly thing looks as sick as possible!
The brown ugly thing is moderately wounded.
The brown ugly thing misses you. The orc wizard hits you with a dagger.
The orc completely misses you.
You closely miss the brown ugly thing.
The brown ugly thing is moderately wounded.
The orc wizard points at you and mumbles some strange words.
The magic dart hits you!
The brown ugly thing tail-slaps you but does no damage.
The brown ugly thing tail-slaps you. The acid corrodes you!
You are splashed with acid!
The acid burns!
The orc hits you from afar with a trident.
The orc wizard casts a spell.
The orc wizard flickers and vanishes!
Deactivating autopickup; reactivate with Ctrl-A.
The brown ugly thing tail-slaps you!
* * * LOW HITPOINT WARNING * * *
The acid corrodes you!
You are splashed with acid!
The acid burns!
You die...

#.o#.# #o.#.#
#..#.# #(...#
##...### #.(...#
##..#.###.#
#######o........
#..su.{o.......#
#.#####o##.##..#
# ####...#.##..#
##.#....#...##..#
.....#....####..#
................#
##.###...#.###.##
# # #######.###.#
.#
............##.##


You could see a brown ugly thing, an orc warrior and 2 orcs.

Vanquished Creatures
  A two-headed ogre (D:8)
  The ghost of mluneth the Cleaver, a novice MiFi of Trog (D:4)
  A hippogriff (D:7)
  Sigmund (D:5)
  A spriggan (D:7)
  Eustachio (D:5)
  A yak (D:8)
  A hungry ghost (D:9)
  2 porcupines (D:8)
  Duvessa (D:5)
  A black bear (D:7)
  3 orc warriors
  An ice beast (D:6)
  2 sky beasts
  3 ogres
  3 centaurs
  3 crocodiles (D:8)
  2 big kobolds
  5 bullfrogs
  Dowan (D:5)
  5 scorpions
  2 howler monkeys
  A jelly (D:8)
  2 centaur zombies
  2 hounds
  An orc priest (D:8)
  A bullfrog skeleton (D:6)
  2 centaur skeletons
  7 orc wizards
  An iguana (D:4)
  4 worker ants (D:8)
  A hound zombie (D:3)
  8 gnolls
  23 adders
  A river rat (Sewer)
  A shadow imp (D:8)
  2 oozes
  An adder skeleton (D:7)
  4 worms
  9 leopard geckos
  28 orcs
  5 giant cockroaches
  4 goblins
  7 hobgoblins
  3 quokkas
  9 bats
  2 frilled lizards (D:1)
  22 kobolds
  A quokka zombie (D:3)
  12 rats
206 creatures vanquished.

Vanquished Creatures (others)
  21 fungi
  4 plants (D:8)
25 creatures vanquished.

Grand Total: 231 creatures vanquished

Notes
Turn   | Place    | Note
-------+----------+-------------------------------------------
     0 | D:1      | Hobogoblin the Draconian Transmuter began the quest for the Orb.
     0 | D:1      | Reached XP level 1. HP: 16/16 MP: 3/3
   313 | D:1      | Reached XP level 2. HP: 15/23 MP: 5/5
   983 | D:2      | Reached XP level 3. HP: 28/28 MP: 6/6
  1013 | D:2      | Reached skill level 4 in Unarmed Combat
  1160 | D:2      | Reached XP level 4. HP: 4/35 MP: 7/7
  1363 | D:1      | Learned a level 3 spell: Spider Form
  2273 | D:2      | Reached skill level 5 in Unarmed Combat
  2288 | D:2      | Reached XP level 5. HP: 40/40 MP: 8/8
  2581 | D:3      | Found a glowing drain.
  2658 | Sewer    | Entered a sewer
  2866 | Sewer    | Reached XP level 6. HP: 39/47 MP: 6/9
  3090 | D:3      | Reached skill level 6 in Unarmed Combat
  3663 | D:4      | Found Biezidac's Armour Boutique.
  3701 | D:4      | Your scales start taking on a lurid green colour.
  3701 | D:4      | Reached XP level 7. HP: 50/52 MP: 6/10
  3701 | D:4      | Gained mutation: Your system is resistant to poisons. (rPois) [Green Draconian growth]
  3770 | D:4      | Found a glowing golden altar of the Shining One.
  3770 | D:4      | Noticed mluneth's ghost (novice MiFi)
  3959 | D:4      | Killed mluneth's ghost
  3959 | D:4      | Reached skill level 7 in Unarmed Combat
  3959 | D:4      | Reached skill level 5 in Transmutations
  3969 | D:4      | Learned a level 4 spell: Ice Form
  4315 | D:5      | Entered Level 5 of the Dungeon
  4403 | D:5      | Noticed Sigmund
  4413 | D:5      | Killed Sigmund
  4413 | D:5      | Reached skill level 8 in Unarmed Combat
  4413 | D:5      | Reached XP level 8. HP: 59/59 MP: 7/11
  4739 | D:5      | Noticed Dowan
  4741 | D:5      | Noticed Duvessa
  4763 | D:5      | Killed Duvessa
  4768 | D:5      | Killed Dowan
  4855 | D:5      | Found a burning altar of Makhleb.
  4866 | D:5      | Noticed Eustachio
  4884 | D:5      | Killed Eustachio
  4884 | D:5      | Reached skill level 9 in Unarmed Combat
  5320 | D:6      | Identified the Catalogue of Bewitchment
  5401 | D:6      | Found a shimmering altar of Xom.
  6244 | D:7      | Reached skill level 10 in Unarmed Combat
  6250 | D:7      | Found a basalt altar of Yredelemnul.
  6272 | D:7      | Found a staircase to the Ecumenical Temple.
  6289 | Temple   | Entered the Ecumenical Temple
  6300 | Temple   | Became a worshipper of Vehumet
  6331 | Temple   | Gained mutation: Your magical capacity is low. (-10% MP) [potion of mutation]
  6331 | Temple   | Gained mutation: Your mind is acute. (Int +2) [potion of mutation]
  6382 | D:7      | Reached XP level 9. HP: 64/64 MP: 7/10
  6586 | D:7      | Found a blossoming altar of Fedhas.
  6616 | D:7      | Found a bloodstained altar of Trog.
  6657 | D:7      | Found an ancient bone altar of Kikubaaqudgha.
  6777 | D:7      | Reached * piety under Vehumet
  6777 | D:7      | Offered knowledge of Magic Dart by Vehumet.
  6787 | D:7      | Learned a level 1 spell: Magic Dart
  7135 | D:7      | Found a stormy altar of Qazlal.
  7376 | D:8      | Reached skill level 11 in Unarmed Combat
  7501 | D:8      | Noticed a two-headed ogre
  7505 | D:8      | Killed a two-headed ogre
  7505 | D:8      | Reached skill level 1 in Conjurations
  7505 | D:8      | Reached XP level 10. HP: 60/78 MP: 8/11
  7990 | D:8      | Found a staircase to the Lair.
  8022 | D:8      | Offered knowledge of Sting by Vehumet.
  8527 | D:8      | Reached ** piety under Vehumet
  8606 | D:8      | Reached skill level 12 in Unarmed Combat
  8707 | D:8      | Found a glowing golden altar of the Shining One.
  8707 | D:8      | Found a snail-covered altar of Cheibriados.
  8893 | D:9      | Noticed a brown ugly thing
  8916 | D:9      | Splashed by a brown ugly thing's acid

Skill      XL: |  1  2  3  4  5  6  7  8  9 10 |
---------------+-------------------------------+-----
Unarmed Combat | 4 5 6 8 10 11 12 | 12.1
Transmutations | 3 4 5 7 8 |  8.7
Fighting       | 4 |  4.1
Conjurations   | 1 3 |  3.3
Dodging        | |  1.7
Spellcasting   | |  2.0

Action                   |  1- 3 |  4- 6 |  7- 9 | 10-12 || total
-------------------------+-------+-------+-------+-------++-------
Melee: Unarmed           |   131 |   232 |   294 |   110 ||   767
       Tailslap          |    15 |     5 |     7 |       ||    27
       Headbutt          |     6 |       |     3 |       ||     9
       Kick              |     3 |     4 |       |       ||     7
       Punch             |     1 |     2 |     2 |       ||     5
 Cast: Beastly Appendage |     7 |     4 |     2 |       ||    13
       Spider Form       |       |    20 |    27 |    14 ||    61
 Abil: Breathe Noxious F |       |       |     5 |       ||     5
       End Transformatio |       |       |     1 |     1 ||     2
Evoke: Wand              |       |       |     2 |       ||     2
  Use: Potion            |       |       |    11 |     1 ||    12
       Scroll            |       |       |     9 |       ||     9
 Stab: Sleeping          |       |     1 |     4 |     1 ||     6
       Invisible         |       |       |     1 |       ||     1
       Confused          |       |       |     2 |       ||     2
       Held in net/web   |       |       |     2 |       ||     2
       Distracted        |       |       |     1 |     1 ||     2
  Eat: Chunk             |       |     9 |    17 |     4 ||    30
       Ration            |       |     1 |       |     1 ||     2
Armor: Skin              |    44 |    33 |    30 |    12 ||   119
Dodge: Dodged            |    77 |   163 |   221 |    67 ||   528
